 Dungeon Crawl Stone Soup version 0.28-a0-1404-g4df0f3684d (webtiles) character file.

Game seed: 701490943035147512

544 fragbeetle the Chopper (level 7, -3/61 HPs)
             Began as a Hill Orc Cinder Acolyte on Jan 5, 2022.
             Was a High Priest of Ignis.
             Killed from afar by a bog mummy (9 damage)
             ... with a puff of frost
             ... in an ossuary.
             The game lasted 00:09:37 (4918 turns).

fragbeetle the Chopper (Hill Orc Cinder Acolyte)    Turns: 4918, Time: 00:09:38

Health: -3/61      AC:  3    Str: 17    XL:     7   Next: 27%
Magic:  4/10       EV: 11    Int: 16    God:    Ignis [*****.]
Gold:   298        SH:  0    Dex:  6    Spells: 9/11 levels left

rFire   + . .      SeeInvis .   r - +1 hand axe (drain)
rCold   . . .      Faith    .   (no shield)
rNeg    . . .      Spirit   .   f - +0 leather armour
rPois   .          Reflect  .   (no helmet)
rElec   .          Harm     .   (no cloak)
rCorr   .          Rampage  .   (no gloves)
Will    .....                   (no boots)
Stlth   +.........              (no amulet)
HPRegen 0.20/turn               (no ring)
MPRegen 0.12/turn               (no ring)

@: brilliant, attractive, slowed, very slow
A: no striking features
a: Renounce Religion, Fiery Armour, Foxfire Swarm, Rising Flame


You were in an ossuary.
You worshipped Ignis.
Ignis was extremely pleased with you.
You visited 1 branch of the dungeon, and saw 4 of its levels.
You also visited: Ossuary.

You collected 298 gold pieces.

Inventory:

Hand Weapons
 a - a -1 hand axe of flaming
 r - a +1 hand axe of draining (weapon)
Missiles
 i - 104 stones
 o - 54 sling bullets
 q - 16 poisoned darts
Armour
 b - a +0 robe
 f - a +0 leather armour (worn)
 s - the +0 ring mail of Fuxke {*Corrode Dex+8}
   (You found it on level 4 of the Dungeon)

   Dex:       It affects your dexterity (+8).
   *Corrode:  It may corrode you when you take damage.
Jewellery
 j - a ring of magical power
Scrolls
 c - 4 scrolls of identify {unknown}
 l - 2 scrolls of magic mapping {unknown}
 t - a scroll of teleportation {unknown}
Potions
 d - a potion of degeneration {unknown}
 e - a potion of attraction
 g - a potion of brilliance
 h - a potion of lignification {unknown}
 k - a potion of curing
 m - a potion of mutation {unknown}
 n - a potion of ambrosia {unknown}
 p - a potion of flight {unknown}


   Skills:
 + Level 5.4 Fighting
 * Level 7.3 Axes
 + Level 2.6 Spellcasting
 + Level 4.9 Fire Magic


You had 9 spell levels left.
You knew the following spells:

 Your Spells              Type           Power      Damage    Failure   Level
a - Scorch                Fire           52%        2d7       4%          2

Your spell library contained the following spells:

 Spells                   Type           Power      Damage    Failure   Level
 Animate Armour           Summ/Erth      6%         N/A       94%         4
 Fireball                 Conj/Fire      7%         3d5       94%         5
 Blade Hands              Tmut           1%         N/A       100%        5
 Iron Shot                Conj/Erth      1%         9d1       100%        6
 Starburst                Conj/Fire      7%         6d4       100%        6
 Ignition                 Fire           13%        3d6       100%        8


Dungeon Overview and Level Annotations

Branches:
Dungeon (4/15)            Ossuary (1/1)
 Temple: D:4-7

Altars:
Uskayaw

Annotations:
D:3 2 transporters, eustatius's ghost, amateur TrWn


Message History

The bullfrog zombie hits you but does no damage.
Unknown command.
It was a potion of brilliance.
You feel clever all of a sudden.
The bullfrog zombie is no longer more vulnerable to fire.
The bullfrog zombie closely misses you.
The bog mummy points at you and mumbles some strange words.
You resist with some effort. The bullfrog zombie barely misses you.
It was a potion of curing.
You feel better.
The bullfrog zombie hits you but does no damage.
The bog mummy gestures at you while chanting.
The puff of frost hits you!
* * * LOW HITPOINT WARNING * * *
The bullfrog zombie closely misses you.
You feel better.
The bullfrog zombie hits you but does no damage.
A centaur zombie comes into view.
The bog mummy closely misses you. The bullfrog zombie closely misses you.
The centaur zombie is attracted toward you.
Casting: Scorch (safe; 4% risk of failure)
Confirm with . or Enter, or press ? or * to list all spells.
You feel a surge of power!
Flames lash the bog mummy.
The bog mummy is burned terribly!
You destroy the bog mummy!
The bullfrog zombie hits you.
* * * LOW HITPOINT WARNING * * *
The centaur zombie hits the withered plant.
The withered plant begins to crumble.
The centaur zombie kicks the withered plant.
You hit the bog mummy but do no damage.
The centaur zombie hits the withered plant.
The centaur zombie kicks the withered plant.
The centaur zombie hits the withered plant.
The centaur zombie kicks the withered plant.
A bullfrog zombie comes into view.
You hit the bog mummy.
The bog mummy is lightly damaged.
The bog mummy points at you and mumbles some strange words.
The puff of frost hits you!
You die...

##### #..∩#
#.∩.# #.@.#
≈#≈#≈##M##≈##≈#
#≈P≈.≈ZMM≈.≈≈≈≈
####+#ZZZ≈.≈≈#+
#P#P≈.#.# ≈#
#≈≈≈## ≈# #≈≈≈#
#≈ #≈≈# ≈ ≈#≈#


You could see a mummy, 2 bog mummies, 3 bullfrog zombies and a wyvern zombie.

Vanquished Creatures
  An ogre (D:4)
  A water moccasin skeleton (D:3)
  A bullfrog zombie (Ossuary)
  A hound (D:4)
  An orc priest (D:3)
  An iguana (D:1)
  A mummy (Ossuary)
  Jessica (D:3)
  An orc wizard (D:2)
  9 gnolls
  5 adders
  A worm (D:3)
  4 dart slugs
  5 orcs
  4 ball pythons
  5 endoplasms
  2 giant cockroaches
  8 goblins
  3 hobgoblins
  7 kobolds
  3 quokkas
  7 bats
  A frilled lizard (D:1)
  10 rats
83 creatures vanquished.

Vanquished Creatures (others)
  2 withered plants (Ossuary)
2 creatures vanquished.

Grand Total: 85 creatures vanquished

Notes
Turn   | Place    | Note
-------+----------+-------------------------------------------
     0 | D:1      | fragbeetle the Hill Orc Cinder Acolyte began the quest for
                  | the Orb.
     0 | D:1      | Reached XP level 1. HP: 19/19 MP: 2/2
   231 | D:1      | Reached XP level 2. HP: 11/27 MP: 3/3
   512 | D:1      | Learned a level 2 spell: Scorch
   717 | D:1      | Found a faded altar of an unknown god.
  1059 | D:1      | Reached XP level 3. HP: 26/33 MP: 4/4
  1223 | D:1      | Reached skill level 5 in Axes
  1496 | D:2      | Reached XP level 4. HP: 19/40 MP: 3/6
  2186 | D:2      | Reached XP level 5. HP: 24/47 MP: 1/7
  2766 | D:2      | Found a hide-covered altar of Uskayaw.
  3090 | D:2      | Reached skill level 6 in Axes
  3336 | D:3      | Noticed Jessica
  3340 | D:3      | Killed Jessica
  3341 | D:3      | Reached XP level 6. HP: 50/53 MP: 6/9
  4065 | D:3      | Found a hide-covered altar of Uskayaw.
  4115 | D:3      | Reached skill level 5 in Fighting
  4201 | D:3      | Found a transporter.
  4215 | D:3      | Noticed eustatius's ghost (amateur TrWn)
  4393 | D:3      | Found a transporter.
  4767 | D:4      | Identified the +0 ring mail of Fuxke {*Corrode Dex+8}
  4838 | D:4      | Reached skill level 7 in Axes
  4838 | D:4      | Reached XP level 7. HP: 61/61 MP: 5/10
  4879 | D:4      | Found a sand-covered staircase.
  4884 | Ossuary  | Entered an ossuary
  4912 | Ossuary  | HP: 1/61 [bog mummy (7)]
  4918 | Ossuary  | Killed from afar by a bog mummy

Illustrated notes

Levels and vault maps discovered:
D:1:      minmay_arrival_loop, layout_basic,
          ebering_ecumenical_altar_sacrificial, minmay_split_cup_large
D:2:      layout_basic, basic_altar
D:3:      layout_loops_cross, lemuel_round_altar, gammafunk_ghost_arena,
          kennysheep_donut, uniq_jessica
D:4:      layout_basic, dk_yredelemnul_ordeal, nicolae_ossuary_entry_plus
Ossuary:  ossuary_zaba_flooded

Skill      XL: |  1  2  3  4  5  6 |
---------------+-------------------+-----
Fighting       | 4 5 |  5.4
Axes           | 5 6 7 |  7.3
Fire Magic     | 4 |  4.9
Spellcasting   | 2 |  2.6

Action                   |  1- 3 |  4- 6 |  7- 9 || total
-------------------------+-------+-------+-------++-------
Melee: Hand axe          |    81 |   127 |    20 ||   228
       Punch             |       |     1 |       ||     1
 Cast: Scorch            |     4 |    40 |     5 ||    49
  Use: Potion            |       |       |     4 ||     4
Armor: Robe              |    21 |    13 |       ||    34
       Leather armour    |       |     6 |     3 ||     9
Dodge: Dodged            |    58 |    54 |    16 ||   128

Table legend: (Time is in decaauts)
 A = Elapsed time spent in this place.
 B = Non-inter-level travel time spent in this place.
 C = Inter-level travel time spent in this place.
 D = Time resting spent in this place.
 E = Time spent auto-exploring this place.
 F = Levels seen in this place.
 G = Mean time per level.
                   A        B        C        D        E       F      G
               +--------+--------+--------+--------+--------+-----+--------+
         Total |   4936 |   4877 |     59 |   1274 |   2466 |   5 |  987.2 |
       Dungeon |   4895 |   4836 |     59 |   1274 |   2466 |   4 | 1223.8 |
       Ossuary |     40 |     40 |      0 |      0 |      0 |   1 |   40.0 |
               +--------+--------+--------+--------+--------+-----+--------+

Top non-repeatable levels by time:
     D:2: 1777 daAuts
     D:1: 1715 daAuts
     D:3: 1183 daAuts
     D:4: 218 daAuts
 Ossuary: 40 daAuts
